Map: Void Thrashing

Players

NamroodTuo

  • Race: Terran Terran
  • Spawn Location: 6:00

Kartoxin

  • Race: Zerg Zerg
  • Spawn Location: 9:00

VOD

Have the link to the VOD?

Description

Time

  • Played on: Feb. 4, 2023, 5:08 a.m.
  • Length: 23:18
Show
View Real Time Build Order
Export as new Build Order

NamroodTuo Terran 

Build Orders:  

Get SALT Encoding   

  12  0:04  SCV  
  13  0:17  SCV  
  14  0:31  SCV  
  15  0:40  Supply Depot  
  15  0:55  SCV  
  16  1:05  Factory  
  16  1:08  SCV  
  17  1:22  SCV  
  18  1:31  Supply Depot  
  18  1:35  SCV  
  19  1:46  Perdition Turret  
  19  1:51  SCV  
  20  2:04  SCV  
  21  2:18  SCV  
  22  2:30  Perdition Turret  
  22  2:31  SCV  
  23  2:45  SCV  
  23  2:48  Perdition Turret  
  24  2:58  SCV  
  25  3:03  Refinery  
  25  3:09  Refinery  
  25  3:12  SCV  
  26  3:25  SCV  
  27  3:34  Engineering Bay  
  27  3:35  Armory  
  27  3:39  SCV  
  28  3:53  SCV  
  29  4:06  SCV  
  30  4:20  SCV  
  30  4:21  Devastation Turret  
  31  4:35  Perdition Turret x2  
  31  4:38  Perdition Turret  
  31  4:46  Devastation Turret  
  31  5:21  Devastation Turret  
  31  5:40  Devastation Turret x2  
  31  5:52  Spinning Dizzy  
  31  5:56  Upgrade Laser Drill Level 1  
  31  6:00  Fire-Suppression Systems  
  31  6:13  Supply Depot  
  31  6:16  Spinning Dizzy  
  31  6:43  SCV  
  32  6:56  SCV  
  33  7:07  Devastation Turret  
  33  7:10  SCV  
  33  7:11  Devastation Turret  
  33  7:15  Factory Tech Reactor  
  34  7:23  SCV  
  34  7:27  Starport  
  34  7:29  Starport  
  35  7:31  Advanced Optics  
  35  7:37  SCV  
  36  7:51  SCV  
  37  8:19  Perdition Turret  
  37  8:35  Devastation Turret  
  37  8:40  Perdition Turret x3  
  34  8:52  Spinning Dizzy  
  34  9:34  Perdition Turret  
  34  9:38  Command Center  
  34  9:56  Starport Tech Reactor  
  34  9:57  Starport Tech Reactor  
  34  10:08  Starport  
  34  10:20  Supply Depot  
  34  10:22  Supply Depot  
  34  10:23  Supply Depot  
  34  10:29  Refinery  
  34  10:43  Supply Depot, SCV  
  35  10:52  Supply Depot  
  35  10:55  Refinery  
  35  10:56  SCV  
  35  10:57  Supply Depot  
  36  11:10  SCV  
  36  11:18  Supply Depot  
  37  11:23  SCV  
  38  11:35  Starport Tech Reactor  
  38  11:37  SCV  
  38  11:38  Pulse Amplifier  
  39  11:46  Improved Nano-Repair  
  39  11:50  SCV x2  
  41  12:03  SCV  
  41  12:04  SCV  
  43  12:18  SCV  
  44  12:31  SCV  
  45  12:45  SCV  
  46  12:51  Science Vessel  
  46  12:52  Science Vessel  
  46  12:53  Science Vessel  
  46  12:56  Wraith x2  
  46  12:57  Wraith  
  46  12:58  SCV  
  59  13:12  SCV  
  60  13:28  Supply Depot  
  60  13:36  Wraith x2  
  60  13:37  Wraith  
  60  13:38  SCV  
  67  13:52  SCV  
  67  13:59  Supply Depot  
  68  14:05  SCV  
  69  14:16  Upgrade Laser Drill Level 2  
  69  14:19  Wraith x2, SCV  
  74  14:26  Wraith  
  76  14:33  Supply Depot, SCV  
  77  14:44  Wraith  
  77  14:45  Wraith  
  77  14:46  SCV  
  82  14:52  Science Vessel  
  82  14:59  Science Vessel x2  
  88  15:00  SCV  
  88  15:04  Supply Depot  
  88  15:06  Wraith  
  91  15:13  SCV  
  92  15:24  Wraith  
  92  15:25  Terran Vehicle and Ship Weapons Level 1, Wraith  
  96  15:38  KMC Auto-Loaders  
  80  17:08  Structure Armor  
  78  17:11  Wraith  
  78  17:12  Wraith x5  
  88  17:51  Wraith  
  88  17:52  Wraith x5  
  100  18:05  Regenerative Bio-Steel  
  100  18:08  Hi-Sec Auto Tracking  
  98  18:44  Wraith  
  98  18:45  Wraith x5  
  110  19:24  Wraith  
  110  19:25  Wraith x5  
  122  19:34  Terran Vehicle And Ship Armor Level 1  
  122  20:04  Wraith  
  122  20:05  Wraith x5  
  134  20:44  Wraith  
  78  22:07  Wraith  
  78  22:08  Wraith x5  
  74  22:40  Perdition Turret  
  74  22:48  Perdition Turret  
Show
View Real Time Build Order
Export as new Build Order

Kartoxin Zerg 

Build Orders:  

Get SALT Encoding   

  12  0:53  Drone  
  12  0:54  Drone  
  12  0:57  Overlord  
  14  1:05  Spawning Pool  
  14  1:08  Extractor, Drone  
  14  1:09  Drone  
  14  1:26  Drone  
  14  1:27  Drone x2  
  17  1:42  Queen  
  19  1:58  Overlord  
  19  2:02  Drone  
  20  2:11  Drone  
  21  2:28  Drone  
  22  2:44  Unknown  
  22  2:50  Drone  
  23  3:00  Evolution Chamber  
  23  3:03  Evolution Chamber  
  23  3:05  Drone  
  23  3:08  Evolution Chamber  
  21  3:30  Unknown  
  21  4:19  Drone x3  
  27  4:20  Drone x2  
  24  4:25  Extractor  
  24  4:28  Lair  
  25  5:34  Drone  
  25  5:37  Drone x3  
  29  5:40  Overlord  
  29  5:44  Hive  
  29  5:54  Hydralisk Den  
  29  5:56  Hydralisk Den  
  29  5:58  Hydralisk Den  
  26  6:35  Unknown  
  26  7:34  Heroic Fortitude  
  26  7:35  Chain Reaction, Ability Efficiency  
  26  7:38  Drone x2  
  26  7:39  Drone  
  29  7:41  Overlord  
  29  7:42  Overlord x2  
  29  8:57  Drone  
  29  8:58  Drone x4  
  34  9:24  Hatchery, Extractor x2, Muscular Augments, Frenzy, Ancillary Carapace  
  31  10:06  Zerg Melee Weapons Level 1, Zerg Ground Armor Level 1, Zerg Missile Weapons Level 1  
  31  11:42  Lair  
  31  11:46  Drone x2  
  31  11:47  Drone  
  31  11:49  Drone  
  35  11:50  Drone x2  
  35  11:53  Drone  
  35  11:54  Drone x5  
  43  13:40  Hive  
  43  13:42  Zerg Melee Weapons Level 2  
  43  13:43  Zerg Missile Weapons Level 2, Zerg Ground Armor Level 2  
  43  13:56  Hydralisk  
  43  13:57  Hydralisk x10  
  43  13:58  Hydralisk  
  67  14:46  Ventral Sacs  
  57  15:40  Overlord  
  57  15:41  Overlord x7  
  57  15:42  Overlord x4  
  57  15:45  Unknown  
  53  16:15  Overseer  
  53  16:33  Unknown  
  53  16:36  Hydralisk  
  53  16:37  Hydralisk x5  
  89  19:10  Hydralisk  
  89  19:11  Hydralisk x11  
  89  19:56  Unknown  
  43  21:30  Unknown  
  63  21:44  Hydralisk  
  63  21:45  Hydralisk x9  
  63  21:46  Hydralisk x2  
Tags
 
Commander
KerriganSwann
Matchup
Co-op
Replay Pack
Multiplayer
Add a new tag
Caveats
  • Supply blocks, unpowered buildings, or Contaminate may cause inaccurate times.
  • Supply counts are checked every 10 seconds.